 Dungeon Crawl Stone Soup version 0.31-a0-354-g827e0957a7 (webtiles) character file.

Game seed: 2388854707923277191

51 Flugkiller the Ruffian (level 3, 0/43 HPs)
             Began as a Demigod Shapeshifter on July 23, 2023.
             Succumbed to an adder's poison
             ... on level 2 of the Dungeon.
             The game lasted 00:01:26 (1054 turns).

Flugkiller the Ruffian (Demigod Shapeshifter)       Turns: 1054, Time: 00:01:26

Health: 0/43       AC: 21    Str: 20    XL:     3   Next: 36%
Magic:  5/5        EV:  2    Int: 10    God:
Gold:   89         SH:  0    Dex: 14    Spells: 2/2 levels left

rFire   . .          .
                       - Unarmed
rCold   . . .        (no shield)
rNeg    . . .        a - melded +0 animal skin
rPois   +            (helmet currently unavailable)
rElec   .            (cloak currently unavailable)
rCorr   .            (gloves currently unavailable)
SInv    .            (boots currently unavailable)
Will    .....        (no amulet)
Stlth   +            g - ring of flight
HPRegen 0.27/turn    (no ring)
MPRegen 0.09/turn

%: no passive effects
@: lethally poisoned (0 -> -5), tree-form, hasted, very quick
A: stationary, stasis, torment immunity, boosted hp, high MP 1, forlorn, divine
attributes
a: no special abilities


You were on level 2 of the Dungeon.
You were a tree.
You visited 1 branch of the dungeon, and saw 2 of its levels.

You collected 89 gold pieces.

Inventory:

Hand Weapons
 i - a +4 dagger of holy wrath
   (You took it off a kobold on level 1 of the Dungeon)
Armour
 a - a +0 animal skin (melded)
Jewellery
 g - a ring of flight (left branch)
   (You found it on level 1 of the Dungeon)
Talismans
 c - a beast talisman
Scrolls
 d - a scroll of immolation
 f - a scroll of fear
 h - a scroll of vulnerability {unknown}
 k - a scroll of amnesia {unknown}
 m - a scroll of summoning {unknown}
Potions
 b - a potion of lignification
 j - a potion of brilliance {unknown}
 l - a potion of attraction {unknown}


   Skills:
 + Level 2.3 Fighting
 - Level 1.7 Dodging
 - Level 3.2 Unarmed Combat
 + Level 2.9 Shapeshifting


You had 2 spell levels left.
You didn't know any spells.
Your spell library contained the following spells:

 Spells                   Type           Power      Damage    Failure   Level
 Sting                    Tmut/Pois      0%         1d3       36%         1
 Poisonous Vapours        Pois/Air       0%         N/A       50%         2
 Olgreb's Toxic Radiance  Pois           0%         N/A       98%         4


Dungeon Overview and Level Annotations

Branches:
Dungeon (2/15) Zot: 10953


Innate Abilities, Weirdness & Mutations

You are a tree.
Your roots penetrate the ground, keeping you stationary.
You cannot be teleported.
You are immune to unholy pain and torment.
Your maximum health is greatly increased.
Your equipment is partially melded.
You have an increased reservoir of magic. (+10% MP)
You shall have no god before yourself.
Your divine heritage dramatically boosts your attributes as you level up.


Message History

The endoplasm hits you.
You punch the endoplasm!
You kill the endoplasm!
No target in view!
No target in view!
No target in view!
No target in view!
No target in view!
No target in view!
No target in view!
No target in view!
You now have 89 gold pieces (gained 9).
r - a scroll of identify Key pressed, stopping explore.
f - a scroll labelled BOVEMA ZUPT No target in view!
Done exploring.
(D) Dungeon
Where to? (? - help)
There is a stone staircase leading down here.
You fly downwards.
Found a stone staircase leading up.
There is a stone staircase leading up here.
Unknown command.
Okay, then.
As you read the scroll of identify, it crumbles to dust.
f - a scroll of fear Unknown command.
A kobold comes into view. It is wielding a +0 dagger.
The kobold shouts!
You hear an angry hiss. x2
A kobold is nearby!
A kobold is nearby!
A frilled lizard comes into view.
The kobold hits you with a +0 dagger.
You closely miss the kobold. You hit the kobold.
The kobold is severely wounded.
The kobold closely misses you.
You hit the kobold but do no damage.
The kobold is severely wounded.
The kobold hits you with a +0 dagger.
You closely miss the kobold.
The kobold is severely wounded.
The kobold hits you with a +0 dagger.
You closely miss the kobold.
The kobold is severely wounded.
The kobold hits you but does no damage.
You hit the kobold.
You kill the kobold!
An adder comes into view.
The adder hisses angrily.
A rat comes into view.
The frilled lizard bites you.
The adder moves out of view.
Things that are here:
a +0 dagger; a kobold corpse You hit the frilled lizard but do no damage.
The frilled lizard bites you.
You barely miss the frilled lizard. The frilled lizard bites you.
You hit the frilled lizard.
You kill the frilled lizard!
Found a whip.
The rat barely misses you.
You hit the rat.
You kill the rat!
The adder barely misses you.
You see here a rat corpse.
You closely miss the adder. The adder bites you.
You are poisoned.
The adder poisons you! The adder closely misses you.
You are too injured to fight recklessly!
You are too injured to fight recklessly!
You are too injured to fight recklessly!
You closely miss the adder.
You feel sick. The adder bites you.
You are more poisoned.
The adder poisons you!
You barely miss the adder.
* * * LOW HITPOINT WARNING * * *
You feel sick. The adder bites you.
* * * LOW HITPOINT WARNING * * *
You are more poisoned.
The adder poisons you!
You miss the adder. Your punch misses the adder.
* * * LOW HITPOINT WARNING * * *
You feel very sick. The adder closely misses you.
Really quaff the potion of lignification?
Your transformation has ended.
You turn into a tree.
Your +0 animal skin melds into your body.
Your roots penetrate the ground.
* * * LOW HITPOINT WARNING * * *
You feel sick.
The adder bites you but does no damage. x2
Unknown command.
You smack the adder!
You kill the adder!
* * * LOW HITPOINT WARNING * * *
You feel sick.
Unknown command.
It was a potion of haste.
You feel yourself speed up.
You die...

........#
##..)..#.#
........^#
........#
#......# ##
......# #..
##.#.#..####.#
#........).#.#
...#.#♣.##.#.#
#...†..#.#..#
###.##..#.#.#
#.. ###.#..#
... ..###.#
###. ### #.<#
# #...# #...#
.....#


There were no monsters in sight!

Vanquished Creatures
  An adder (D:2)
  4 endoplasms (D:1)
  3 giant cockroaches (D:1)
  4 hobgoblins (D:1)
  8 jackals (D:1)
  4 kobolds
  A quokka (D:1)
  3 ball pythons (D:1)
  2 bats (D:1)
  2 frilled lizards
  2 goblins (D:1)
  3 rats
37 creatures vanquished.

Notes
Turn   | Place    | Note
-------+----------+-------------------------------------------
     0 | D:1      | Flugkiller the Demigod Shapeshifter began the quest for the
                  | Orb.
     0 | D:1      | Reached XP level 1. HP: 15/15 MP: 3/3
    13 | D:1      | Reached skill level 1 in Fighting
    88 | D:1      | Reached skill level 3 in Unarmed Combat
   101 | D:1      | Reached XP level 2. HP: 15/23 MP: 4/4
   493 | D:1      | Reached XP level 3. HP: 26/29 MP: 5/5
  1053 | D:2      | HP: 2/43 [poisoned by an adder]
  1054 | D:2      | Succumbed to an adder's poison

Illustrated notes

Levels and vault maps discovered:
D:1:      grunt_arrival_crossed_arrows, layout_basic
D:2:      layout_loops_ring, basic_altar, minmay_worlds_worst_comb, uniq_robin

Skill      XL: |  1  2 |
---------------+-------+-----
Fighting       | 1 2 |  2.3
Unarmed Combat | 3 |  3.2
Dodging        | |  1.7
Shapeshifting  | |  2.9

Action                     || total
---------------------------++-------
  Melee: Unarmed           ||   117
         Punch             ||     2
    Use: Scroll            ||     3
         Potion            ||     2
   Stab: Sleeping          ||     1
 Armour: Animal skin       ||    15
         Skin              ||     2
  Dodge: Dodged            ||    76

Table legend: (Time is in decaauts)
 A = Elapsed time spent in this place.
 B = Non-inter-level travel time spent in this place.
 C = Inter-level travel time spent in this place.
 D = Time resting spent in this place.
 E = Time spent auto-exploring this place.
 F = Levels seen in this place.
 G = Mean time per level.
                   A        B        C        D        E       F      G
               +--------+--------+--------+--------+--------+-----+--------+
         Total |   1046 |   1025 |     21 |    134 |    634 |   2 |  523.0 |
       Dungeon |   1046 |   1025 |     21 |    134 |    634 |   2 |  523.0 |
               +--------+--------+--------+--------+--------+-----+--------+

Top non-repeatable levels by time:
     D:1: 1020 daAuts
     D:2: 25 daAuts
